 Dungeon Crawl Stone Soup version 0.17-a0-2101-g0c122e7 (webtiles) character file.

11 4thArraOfDagon the Caller (level 2, 0/24 HPs)
             Began as a Troll Summoner on Oct 18, 2015.
             Succumbed to a worker ant's poison
             ... on level 4 of the Dungeon.
             The game lasted 00:01:04 (209 turns).

4thArraOfDagon the Caller (Troll Summoner)           Turns: 209, Time: 00:01:04

Health: 0/24       AC:  5    Str: 20    XL:     2   Next: 13%
Magic:  2/2        EV:  9    Int: 11    God:
Gold:   45         SH:  0    Dex: 10    Spells: 1 memorised, 2 levels left

rFire  . . .     SeeInvis .       - Unarmed
rCold  . . .     Clarity  .     a - +0 robe
rNeg   . . .     SustAt   .     (no shield)
rPois  .         Gourm    +     (helmet restricted)
rElec  .         Spirit   .     (no cloak)
rCorr  .         Warding  .     (gloves unavailable)
rMut   .         Stasis   .     (boots unavailable)
MR     .....                    (no amulet)
Stlth  +.........               (no ring)
                                (no ring)

@: mighty, lethally poisoned (0 -> -2), not resistant to hostile enchantments,
very unstealthy
A: unfitting armour, claws 3, fast metabolism 3, gourmand, regeneration 2,
shaggy fur 1, tough skin 2
a: no special abilities


You were on level 4 of the Dungeon.
You were very full.

You visited 1 branch of the dungeon, and saw 4 of its levels.

You collected 45 gold pieces.

Inventory:

Armour
 a - a +0 robe (worn)
Scrolls
 d - a scroll of fear {unknown}
 h - a scroll of enchant armour {unknown}
Books
 b - a book of Callings

   Spells                             Type                      Level
   a - Summon Small Mammal            Summoning                    1
   b - Call Imp                       Summoning                    2
   c - Call Canine Familiar           Summoning                    3
   d - Summon Guardian Golem          Hexes/Summoning              3
   e - Summon Lightning Spire         Summoning/Air                4
   f - Summon Ice Beast               Ice/Summoning                4
Comestibles
 c - 2 bread rations
 f - a meat ration
 g - a beef jerky


   Skills:
 - Level 1.5 Dodging
 - Level 1.1 Stealth
 + Level 1.8 Unarmed Combat
 - Level 1.2 Spellcasting
 - Level 2.9 Summonings


You had 2 spell levels left.
You knew the following spells:

 Your Spells              Type           Power        Failure   Level  Hunger
a - Summon Small Mammal   Summ           #...         12%         1    ##.....


Dungeon Overview and Level Annotations

Branches:
Dungeon (4/15)
 Temple: D:4-7

Altars:


Innate Abilities, Weirdness & Mutations

You are too large for most types of armour.
You have claws for hands.
Your metabolism is lightning-fast.
You like to eat raw meat.
You heal very quickly.
You are covered in fur (AC +1).
You have very tough skin (AC +2).


Message History

* * * LOW HITPOINT WARNING * * *
The worker ant bites you.
* * * LOW HITPOINT WARNING * * *
You are too injured to fight recklessly!
You are too injured to fight recklessly!
You are too injured to fight recklessly!
Drink which item? (? for menu, Esc to quit)
It was a potion of might.
You feel very mighty all of a sudden.
You feel sick. The worker ant closely misses you.
Unknown command.
You scratch the worker ant but do no damage.
The worker ant is moderately wounded.
The worker ant bites you.
* * * LOW HITPOINT WARNING * * *
Unknown command.
Unknown command.
You closely miss the worker ant.
The worker ant is moderately wounded.
You die...

#.#.......
#.....h...
#.........
#....... #......
#....###+#
#.#........#
#...a#####
#######@...#####
#.....'....'...#
#.#####....#####
#.# #....# #.#
#....#
#######'#####....#
#...........######
#...........#
#...........#


You could see a worker ant.

Vanquished Creatures
  2 giant geckos
  A giant cockroach (D:2)
  2 bats (D:1)
  2 giant newts
  A kobold (D:1)
  2 rats (D:1)
10 creatures vanquished.

Notes
Turn   | Place    | Note
--------------------------------------------------------------
     0 | D:1      | 4thArraOfDagon the Troll Summoner began the quest for the Orb.
     0 | D:1      | Reached XP level 1. HP: 16/16 MP: 1/1
    20 | D:1      | Reached skill level 1 in Unarmed Combat
    99 | D:2      | Reached XP level 2. HP: 18/24 MP: 2/2
   208 | D:4      | HP: 1/24 [worker ant (3)]
   209 | D:4      | Succumbed to a worker ant's poison

Vault maps used:
D:1:      minmay_arrival_shoal_huts
D:2:      lemuel_round_altar, grunt_temple_overflow_forces_of_nature,
          nicolae_overflow_crystal_walls, grunt_ministairs_7
D:3:      minmay_overflow_temple_star_hex, uniq_crazy_yiuf_cottage
D:4:      yredelemnul_forgotten_temple_becter, cheibrodos_ashenzari_chains,
          first_bread, tgw_fedhas

Action                   || total
-------------------------++-------
Melee: Unarmed           ||    43
  Use: Potion            ||     1
  Eat: Chunk             ||     6
